 Dungeon Crawl Stone Soup version 0.29-a0-356-g7bc237e783 (webtiles) character file.

Game seed: 10200309611459158933

74 Morbidden the Conjurer (level 4, 0/46 HPs)
             Began as a Demonspawn Conjurer on Apr 26, 2022.
             Slain by a scorpion (1 damage)
             ... on level 4 of the Dungeon.
             The game lasted 00:02:31 (2296 turns).

Morbidden the Conjurer (Demonspawn Conjurer)        Turns: 2296, Time: 00:02:31

Health: 0/46       AC:  3    Str:  7 (8)  XL:     4   Next: 9%
Magic:  14/16      EV: 12    Int: 19 (21) God:
Gold:   104        SH:  0    Dex:  8 (11) Spells: 5/8 levels left

rFire   . . .      SeeInvis .   a - +1 dagger (elec)
rCold   . . .      Faith    .   (no shield)
rNeg    . . .      Spirit   .   d - +0 robe
rPois   .          Reflect  .   (no helmet)
rElec   .          Harm     .   (no cloak)
rCorr   .          Rampage  .   (no gloves)
Will    +....                   (no boots)
Stlth   ..........              (no amulet)
HPRegen 0.15/turn               f - ring of magical power
MPRegen 0.15/turn               m - ring of willpower

@: berserking, lethally poisoned (0 -> -5), attractive, very quick
A: sharp scales 1
a: no special abilities


You were on level 4 of the Dungeon.
You visited 1 branch of the dungeon, and saw 3 of its levels.

You collected 104 gold pieces.

Inventory:

Hand Weapons
 a - a +1 dagger of electrocution (weapon)
Missiles
 e - 8 poisoned darts
Armour
 d - a +0 robe (worn)
Jewellery
 f - a ring of magical power (left hand)
 m - a ring of willpower (right hand)
 n - a ring of positive energy
Scrolls
 g - 2 scrolls of identify {unknown}
 i - a scroll of fog {unknown}
 l - a scroll of enchant armour {unknown}
 p - a scroll of amnesia {unknown}
Potions
 b - a potion of magic
 o - a potion of mutation {unknown}
 q - a potion of ambrosia {unknown}


   Skills:
 * Level 0.6 Fighting
 * Level 2.1 Dodging
 + Level 2.0 Stealth
 + Level 0.7 Unarmed Combat
 * Level 2.5 Spellcasting
 * Level 4.8 Conjurations


You had 5 spell levels left.
You knew the following spells:

 Your Spells              Type           Power      Damage    Failure   Level
a - Magic Dart            Conj           80%        1d7       2%          1
b - Searing Ray           Conj           40%        2d5       3%          2

Your spell library contained the following spells:

 Spells                   Type           Power      Damage    Failure   Level
 Conjure Flame            Conj/Fire      11%        6-21      19%         3
 Dazzling Flash           Conj/Hex       22%        N/A       19%         3
 Call Imp                 Summ           2%         N/A       24%         2
 Mephitic Cloud           Conj/Pois/Air  8%         N/A       26%         3
 Ignite Poison            Fire/Tmut/Pois 2%         N/A       43%         3
 Fulminant Prism          Conj/Hex       5%         3d7       52%         4
 Iskenderun's Mystic Bla  Conj/Tloc      11%        2d4       52%         4
 Sticky Flame             Conj/Fire      11%        2d3       52%         4


Dungeon Overview and Level Annotations

Branches:
Dungeon (2/15)

Altars:
Ashenzari


Innate Abilities, Weirdness & Mutations

You are partially covered in razor-sharp scales. (AC +1, Slay +1)


Message History

The scorpion poisons you!
Unknown command.
Unknown command.
It was a potion of degeneration.
There was something very wrong with that liquid.
You feel weakened.
You feel dopey.
You feel clumsy.
You feel very sick. The scorpion closely misses you.
Unknown command.
The scorpion attacks as you move away! The scorpion closely misses you.
* * * LOW HITPOINT WARNING * * *
You feel very sick.
Okay, then.
You aren't carrying any items that you can evoke.
Unknown command.
It was a potion of attraction.
You feel attractive to monsters.
* * * LOW HITPOINT WARNING * * *
You feel very sick. The scorpion misses you.
Unknown command.
It was a potion of berserk rage.
A red film seems to cover your vision as you go berserk!
You feel yourself moving faster!
You feel mighty!
* * * LOW HITPOINT WARNING * * *
You feel sick. The scorpion completely misses you. The scorpion stings you.
* * * LOW HITPOINT WARNING * * *
Unknown command.
Unknown command.
Unknown command.
You hit the scorpion.
The scorpion is lightly wounded.
* * * LOW HITPOINT WARNING * * *
You feel sick.
Unknown command.
Unknown command.
You barely miss the scorpion.
The scorpion is lightly wounded.
* * * LOW HITPOINT WARNING * * *
You feel sick. The scorpion stings you.
You die...

#.#########.## ###
#............## #..
###..######.....# #.♣
#.....######...####≈≈
#.###.##...........♣≈ #.#
#....###..#####♣≈
#.###.### #..####♣≈≈
#.....######.....♣≈≈≈
########@.........#..♣.≈.
.......s.########......≈.
.#.#####.# #........ #...
#.#≈≈≈≈.. #.....
#.#♣♣♣P≈≈ .......# #.#
♣≈≈ #......# #.# ≈≈
.......# ... ♣♣ .##....
...


You could see a scorpion.

Vanquished Creatures
  2 adders
  2 dart slugs
  6 bats
  7 endoplasms
  A giant cockroach (D:2)
  3 goblins
  8 hobgoblins
  3 quokkas
  4 ball pythons
  3 frilled lizards (D:1)
  8 kobolds
  2 rats (D:2)
49 creatures vanquished.

Vanquished Creatures (others)
  3 plants (D:4)
3 creatures vanquished.

Grand Total: 52 creatures vanquished

Notes
Turn   | Place    | Note
-------+----------+-------------------------------------------
     0 | D:1      | Morbidden the Demonspawn Conjurer began the quest for the
                  | Orb.
     0 | D:1      | Reached XP level 1. HP: 13/13 MP: 3/3
   358 | D:1      | Gained mutation: You are partially covered in razor-sharp
                  | scales. (AC +1, Slay +1) [demonic ancestry]
   358 | D:1      | Reached XP level 2. HP: 19/19 MP: 0/5
   487 | D:1      | Learned a level 2 spell: Searing Ray
   855 | D:1      | Found a faded altar of an unknown god.
  1059 | D:1      | Reached XP level 3. HP: 25/25 MP: 6/6
  1854 | D:2      | You fall into a shaft and drop 2 floors!
  1920 | D:4      | Found a broken altar of Ashenzari.
  2043 | D:4      | Reached XP level 4. HP: 28/31 MP: 7/7
  2281 | D:4      | Noticed a scorpion
  2294 | D:4      | HP: 2/46 [scorpion (4)]
  2296 | D:4      | Slain by a scorpion

Illustrated notes

Levels and vault maps discovered:
D:1:      wheals_arrival_shading, layout_basic, chequers_ecumenical_altar_simple
D:2:      layout_basic
D:4:      minmay_wonky_spiral, layout_loops_corners, nicolae_ashenzari_skybound,
          gammafunk_temple_overflow_pools, serial_bayou_ford_a

Skill      XL: |  1  2 |
---------------+-------+-----
Dodging        | 2 |  2.1
Stealth        | 2 |  2.0
Fighting       | |  0.6
Unarmed Combat | |  0.7
Spellcasting   | |  2.5
Conjurations   | |  4.8

Action                   |  1- 3 |  4- 6 || total
-------------------------+-------+-------++-------
Melee: Unarmed           |    10 |       ||    10
       Dagger            |     8 |     7 ||    15
 Cast: Magic Dart        |    81 |       ||    81
       Searing Ray       |     1 |     1 ||     2
  Use: Potion            |       |     4 ||     4
 Stab: Sleeping          |     1 |       ||     1
Armor: Robe              |     2 |     1 ||     3
Dodge: Dodged            |    15 |     8 ||    23

Table legend: (Time is in decaauts)
 A = Elapsed time spent in this place.
 B = Non-inter-level travel time spent in this place.
 C = Inter-level travel time spent in this place.
 D = Time resting spent in this place.
 E = Time spent auto-exploring this place.
 F = Levels seen in this place.
 G = Mean time per level.
                   A        B        C        D        E       F      G
               +--------+--------+--------+--------+--------+-----+--------+
         Total |   2293 |   2290 |      3 |      0 |   2028 |   3 |  764.3 |
       Dungeon |   2293 |   2290 |      3 |      0 |   2028 |   3 |  764.3 |
               +--------+--------+--------+--------+--------+-----+--------+

Top non-repeatable levels by time:
     D:1: 1117 daAuts
     D:2: 735 daAuts
     D:4: 441 daAuts
